 Dungeon Crawl Stone Soup version 0.19-b1-4-gd8a0a2a (webtiles) character file.

477 tv1990 the Chopper (level 7, 0/56 HPs)
             Began as a Formicid Monk on Oct 30, 2016.
             Succumbed to an orc wizard's poison
             ... on level 3 of the Dungeon.
             The game lasted 00:15:26 (3633 turns).

tv1990 the Chopper (Formicid Monk)                  Turns: 3633, Time: 00:15:27

Health: 0/56       AC: 14    Str: 14 (15) XL:     7   Next: 33%
Magic:  7/7        EV: 10    Int:  7 (10) God:
Gold:   222        SH:  0    Dex: 19 (20) Spells: 0 memorised, 6 levels left

rFire  . . .     SeeInvis +     a - +2 hand axe
rCold  . . .     Gourm    .     m - +0 plate armour
rNeg   . . .     Faith    .     (no shield)
rPois  .         Spirit   .     (helmet unavailable)
rElec  .         Reflect  .     (no cloak)
rCorr  .         Harm     .     (no gloves)
MR     .....                    i - +2 pair of boots
Stlth  ..........               (no amulet)
                                (no ring)
                                (no ring)

@: confused, agile, lethally poisoned (0 -> -28)
A: permanent stasis, dig shafts and tunnels, four strong arms, antennae 3
a: Dig, Shaft Self


You were on level 3 of the Dungeon.
You were hungry.

You visited 1 branch of the dungeon, and saw 6 of its levels.
You also visited: Sewer.

You collected 222 gold pieces.

Inventory:

Hand Weapons
 a - a +2 hand axe (weapon)
Armour
 b - a +0 robe
 h - a +0 leather armour
 i - a +2 pair of boots (worn)
 j - a cursed +0 pair of gloves
 m - a +0 plate armour (worn)
Scrolls
 d - 2 scrolls of remove curse
 f - a scroll of enchant weapon
 g - a scroll of fog {unknown}
 o - a scroll of magic mapping {unknown}
Potions
 e - 3 potions of flight
 k - a potion of berserk rage
Comestibles
 c - a bread ration
 l - a beef jerky


   Skills:
 + Level 5.0 Fighting
 * Level 5.9 Axes
 + Level 3.1 Armour
 - Level 3.1 Dodging
 - Level 2.4 Stealth


You had 6 spell levels left.
You didn't know any spells.

Dungeon Overview and Level Annotations

Branches:
Dungeon (6/15)
 Temple: D:4-7

Altars:
Dithmenos
Nemelex Xobeh
Yredelemnul
The Shining One

Annotations:
D:3 andwo's ghost, amateur KoHu
D:4 Menkaure


Innate Abilities, Weirdness & Mutations

You are under a permanent stasis effect.
You can dig through walls and to a lower floor.
Your four strong arms can wield two-handed weapons with a shield.
You have a pair of large antennae on your head. (SInv)


Message History

The orc wizard points at you and mumbles some strange words.
The puff of flame hits you!
You bump into the rock wall.
* * * LOW HITPOINT WARNING * * *
You feel sick.
The orc wizard points at you and mumbles some strange words.
The puff of flame misses you.
You bump into the rock wall.
* * * LOW HITPOINT WARNING * * *
You feel very sick.
The orc wizard gestures at you while chanting.
You easily resist.
* * * LOW HITPOINT WARNING * * *
You feel sick.
* * * LOW HITPOINT WARNING * * *
You feel sick.
The orc wizard hits you but does no damage.
You are more poisoned.
You bump into the rock wall.
You die...

### #.#.#
.>#######
#...#
#.......#
#.#)#
........#
#.#.#
........#
#.#.###
.....####
#.#.#)##
..####
#.#.)#.#
###
#.#o#####
#.#.@...#
#.#####.#
#.# #


You could see an orc wizard (invisible).

Vanquished Creatures
  A bullfrog (D:4)
  2 orc priests
  An iguana (D:3)
  3 orc wizards
  2 sirens (Sewer)
  A merfolk avatar (Sewer)
  8 adders
  A river rat (Sewer)
  3 oozes
  A worm (D:2)
  A dart slug (D:1)
  2 leopard geckos
  4 orcs
  7 ball pythons
  7 bats
  2 giant cockroaches (Sewer)
  5 goblins
  4 hobgoblins
  2 jackals (D:2)
  A quokka (D:5)
  10 frilled lizards
  7 kobolds
  31 rats
106 creatures vanquished.

Vanquished Creatures (others)
  A giant cockroach (D:5)
1 creature vanquished.

Grand Total: 107 creatures vanquished

Notes
Turn   | Place    | Note
-------+----------+-------------------------------------------
     0 | D:1      | tv1990 the Formicid Monk began the quest for the Orb.
     0 | D:1      | Reached XP level 1. HP: 18/18 MP: 1/1
   148 | D:1      | Reached XP level 2. HP: 18/24 MP: 2/2
   396 | D:1      | Reached XP level 3. HP: 26/29 MP: 3/3
   904 | D:2      | Found a basalt altar of Yredelemnul.
   918 | D:2      | Found a glowing golden altar of the Shining One.
  1067 | D:2      | Reached XP level 4. HP: 36/36 MP: 4/4
  1112 | D:2      | You fall through a shaft for 2 floors!
  1174 | D:4      | Reached skill level 1 in Armour
  1191 | D:4      | Reached XP level 5. HP: 28/42 MP: 5/5
  1230 | D:4      | Found a sparkling altar of Nemelex Xobeh.
  1250 | D:4      | Found a glowing drain.
  1284 | Sewer    | Entered a sewer
  1597 | Sewer    | Reached skill level 5 in Axes
  1597 | Sewer    | Reached XP level 6. HP: 44/48 MP: 6/6
  2228 | D:4      | Noticed a phantom
  2229 | D:4      | Noticed an ogre
  2243 | D:4      | Noticed Menkaure
  2258 | D:4      | You fall through a shaft for 2 floors!
  2513 | D:6      | Found a shadowy altar of Dithmenos.
  2567 | D:5      | Entered Level 5 of the Dungeon
  2785 | D:3      | Reached XP level 7. HP: 32/55 MP: 7/7
  2867 | D:3      | Noticed andwo's ghost (amateur KoHu)
  3459 | D:2      | Noticed an angel
  3467 | D:2      | Noticed a profane servitor
  3575 | D:3      | Reached skill level 5 in Fighting
  3633 | D:3      | Succumbed to an orc wizard's poison

Skill      XL: |  1  2  3  4  5  6  7 |
---------------+----------------------+-----
Dodging        | 3 |  3.1
Axes           | 4 5 |  5.9
Armour         | 1 2 3 |  3.1
Fighting       | 4 5 |  5.0
Stealth        | |  2.4

Action                   |  1- 3 |  4- 6 |  7- 9 || total
-------------------------+-------+-------+-------++-------
Melee: Hand axe          |    88 |   250 |    91 ||   429
 Abil: Dig               |       |     7 |     2 ||     9
       Shaft Self        |       |     1 |       ||     1
  Use: Scroll            |     5 |     1 |       ||     6
       Potion            |       |     4 |     2 ||     6
 Stab: Sleeping          |     1 |       |       ||     1
  Eat: Chunk             |     1 |     6 |     2 ||     9
       Beef jerky        |       |     1 |       ||     1
Armor: Robe              |    11 |       |       ||    11
       Leather armour    |    16 |       |       ||    16
       Plate armour      |    20 |   151 |    65 ||   236
Dodge: Dodged            |    54 |    56 |    28 ||   138

Table legend:
 A = Turns spent in this place as a percentage of turns spent in the entire game.
 B = Non-inter-level travel turns spent in this place as a percentage of non-inter-level travel turns spent in the entire game.
 C = Inter-level travel turns spent in this place as a percentage of turns spent in this place.
 D = Turns resting spent in this place as a percentage of non-inter-level travel turns spent in this place.
 E = Turns spent auto-exploring this place as a percentage of non-inter-level travel turns spent in this place.
 F = Non-inter-level travel turns spent in this place divided by the number of levels of this place that you've seen.
                   A       B       C       D       E      F
               +-------+-------+-------+-------+-------+----------------------
         Total | 100.0 | 100.0 |   0.2 |   2.0 |  12.3 | 175.0
       Dungeon |  71.0 |  70.9 |   0.2 |   1.8 |  13.7 | 144.8
         Sewer |  29.0 |  29.1 |   0.0 |   2.5 |   9.0 | 356.0
               +-------+-------+-------+-------+-------+----------------------

Table legend:
 A = Kills in this place as a percentage of kills in entire the game.
 B = Kills by you in this place as a percentage of kills by you in the entire game.
 C = Kills by friends in this place as a percentage of kills by friends in the entire game.
 D = Other kills in this place as a percentage of other kills in the entire game.
 E = Experience gained in this place as a percentage of experience gained in the entire game.
 F = Experience gained in this place divided by the number of levels of this place that you have seen.
                   A       B       C       D       E      F
               +-------+-------+-------+-------+-------+----------------------
         Total | 100.0 | 100.0 |  -nan |  -nan | 100.0 |  97.4
       Dungeon |  57.5 |  57.5 |  -nan |  -nan |  73.0 |  83.0
         Sewer |  42.5 |  42.5 |  -nan |  -nan |  27.0 | 184.0
               +-------+-------+-------+-------+-------+----------------------

Vault maps used:
D:1:      lightli_arrival_isolated_outpost
D:2:      grunt_temple_overflow_holy_war, grunt_ministairs_3, feat_on_display
D:4:      nemelex_xobeh_ov_fountains_minmay, portal_sewer_entry_a, first_bread,
          serial_shops, shop, minivault_19, sigmund_edmund_badplayer,
          uniq_menkaure
D:5:      xom_confusion_cloud
D:6:      nicolae_dithmenos_shadow_blocks, kennysheep_generic_room_16
Sewer:    sewer_sea
